 Dungeon Crawl Stone Soup version 0.23-a0-350-g6fd5563 (webtiles) character file.

119 Garbasso the Skirmisher (level 5, -1/57 HPs)
             Began as an Ogre Chaos Knight on Oct 20, 2018.
             Was a Plaything of Xom.
             Killed by nerve-wracking pain
             ... invoked by Grinder
              (5 damage)
             ... on level 3 of the Dungeon.
             The game lasted 00:06:24 (1762 turns).

Garbasso the Skirmisher (Ogre Chaos Knight)         Turns: 1762, Time: 00:06:25

Health: -1/57      AC:  5    Str: 16    XL:     5   Next: 3%
Magic:  5/5        EV:  7    Int: 14    God:    Xom [..*...]
Gold:   61         SH:  6    Dex:  8    Spells: 4/4 levels left

rFire    . . .     SeeInvis .   a - +0 spear (chaos)
rCold    . . .     Gourm    .   h - +0 shield
rNeg     . . .     Faith    .   b - +2 robe
rPois    .         Spirit   .   (helmet restricted)
rElec    .         Reflect  .   (no cloak)
rCorr    .         Harm     .   (gloves unavailable)
MR       .....                  (boots unavailable)
Stlth    +.........             (no amulet)
HPRegen  0.19/turn              (no ring)
MPRegen  0.09/turn              (no ring)

@: no status effects
A: large, unfitting armour, tough skin 1
a: Renounce Religion


You were on level 3 of the Dungeon.
You worshipped Xom.
You were a toy of Xom.
You were hungry.

You visited 1 branch of the dungeon, and saw 3 of its levels.

You collected 61 gold pieces.

Inventory:

Hand Weapons
 a - a +0 spear of chaos (weapon)
 n - a +0 trident
Missiles
 i - 2 throwing nets
 l - 15 stones (quivered)
 m - 4 javelins
Armour
 b - a +2 robe (worn)
 h - a +0 shield (worn)
Jewellery
 k - an uncursed ring of protection from cold {unknown}
Scrolls
 e - a scroll of noise {unknown}
 f - 2 scrolls of remove curse {unknown}
 g - 5 scrolls of teleportation {unknown}
 j - a scroll of enchant armour {unknown}
Potions
 d - a potion of curing
Comestibles
 c - 4 rations


   Skills:
 + Level 5.0 Fighting
 * Level 4.4 Polearms
 + Level 2.9 Dodging
 + Level 0.1 Shields


You had 4 spell levels left.
You didn't know any spells.
Your spell library was empty.

Dungeon Overview and Level Annotations

Branches:
Dungeon (3/15)

Altars:
Trog

Annotations:
D:3 Grinder


Innate Abilities, Weirdness & Mutations

You are too large for most types of armour.
You have tough skin. (AC +1)


Message History

You see here a stone.
Pain shoots through your body!
* * * LOW HITPOINT WARNING * * *
Things that are here:
3 stones; a kobold corpse
There is an open door here.
Things that are here:
2 stones; an adder corpse You close the door, pushing everything out of the way.
Something unseen opens the door.
You close the door.
Something unseen opens the door.
You close the door.
There's nothing to close nearby.
You start resting.
Something unseen opens the door.
Something is blocking the doorway!
Something is blocking the doorway!
Something hits you.
* * * LOW HITPOINT WARNING * * *
Something is blocking the doorway!
Pain shoots through your body!
You die... "Boring in life, boring in death..."

...[.........[#.#
..............#
.)............#
####+##.......#
#.......# #
##......# .
#......# #.
#......#
#.##†@....#
###..##{#####
.......(#
.......(#
........#
#####.#(# #.#.#
..... ....(..


There were no monsters in sight!

Vanquished Creatures
  A scorpion (D:2)
  2 adders
  3 worms (D:2)
  2 dart slugs (D:2)
  A leopard gecko (D:2)
  2 giant cockroaches
  5 goblins
  6 hobgoblins
  4 kobolds
  7 bats
  2 frilled lizards
  7 rats
42 creatures vanquished.

Notes
Turn   | Place    | Note
-------+----------+-------------------------------------------
     0 | D:1      | Garbasso the Ogre Chaos Knight began the quest for the Orb.
     0 | D:1      | Reached XP level 1. HP: 24/24 MP: 1/1
   268 | D:1      | Reached XP level 2. HP: 32/32 MP: 2/2
   909 | D:2      | Reached XP level 3. HP: 33/40 MP: 3/3
   951 | D:2      | Noticed a scorpion
   951 | D:2      | a worm changed into a scorpion
   978 | D:2      | Killed a scorpion
   978 | D:2      | Reached XP level 4. HP: 44/49 MP: 4/4
  1064 | D:2      | XOM: mild Conj miscast
  1115 | D:2      | Found a faded altar of an unknown god.
  1395 | D:2      | Noticed a moth of wrath
  1398 | D:2      | Found a bloodstained altar of Trog.
  1717 | D:3      | Noticed Grinder
  1718 | D:3      | XOM: smoke on damage
  1720 | D:3      | Paralysed by Grinder for 5 turns
  1735 | D:3      | Reached skill level 5 in Fighting
  1735 | D:3      | Reached XP level 5. HP: 32/57 MP: 5/5
  1762 | D:3      | Killed from afar by Grinder

Vault maps used:
D:1:      lemuel_arrival_tunnels
D:2:      tgw_trog, chequers_ecumenical_altar_lobes, st_stairs_13
D:3:      uniq_grinder

Skill      XL: |  1  2  3  4 |
---------------+-------------+-----
Polearms       | 4 |  4.4
Fighting       | 5 |  5.0
Dodging        | |  2.9
Shields        | |  0.1

Action                   |  1- 3 |  4- 6 || total
-------------------------+-------+-------++-------
Melee: Spear             |    82 |    79 ||   161
Throw: Stone             |       |     6 ||     6
  Use: Potion            |       |     1 ||     1
 Stab: Paralysed         |     2 |       ||     2
       Sleeping          |     1 |       ||     1
       Petrified         |     3 |       ||     3
  Eat: Chunk             |       |     2 ||     2
Armor: Robe              |    35 |    15 ||    50
Dodge: Dodged            |    22 |    18 ||    40
Block: Shield            |       |     3 ||     3

Table legend:
 A = Non-vault XP
 B = Vault XP
 C = Vault XP percentage of total XP
 D = Non-vault monster count
 E = Vault monster count
 F = Vault count percentage of total count
                 A         B        C        D         E       F
            +---------+---------+-------+---------+---------+-------
      Total |     158 |      13 |   7.6 |      37 |       5 |  11.9
            +---------+---------+-------+---------+---------+-------
        D:1 |      21 |       0 |   0.0 |      14 |       0 |   0.0
        D:2 |     116 |      13 |  10.1 |      18 |       5 |  21.7
        D:3 |      21 |       0 |   0.0 |       5 |       0 |   0.0
            +---------+---------+-------+---------+---------+-------
